 Dungeon Crawl Stone Soup version 0.25-a0-306-g3faca94807 (webtiles) character file.

Game seed: 15741029519298916553, levelgen mode: deterministic

27 Redear the Skirmisher (level 2, -2/24 HPs)
             Began as a Mummy Monk on Dec 21, 2019.
             Slain by a kobold
             ... wielding a +0 whip
              (7 damage)
             ... on level 1 of the Dungeon.
             The game lasted 00:00:51 (1069 turns).

Redear the Skirmisher (Mummy Monk)                  Turns: 1069, Time: 00:00:51

Health: -2/24      AC:  0    Str: 14    XL:     2   Next: 93%
Magic:  2/2        EV: 13    Int:  9    God:
Gold:   38         SH:  0    Dex: 14    Spells: 1/1 levels left

rFire    x . .     SeeInvis .     - Unarmed
rCold    + . .     Gourm    .   (no shield)
rNeg     + + +     Faith    .   (no armour)
rPois    ∞         Spirit   .   (no helmet)
rElec    .         Reflect  .   (no cloak)
rCorr    .         Harm     .   (no gloves)
MR       .....                  (no boots)
Stlth    ++........             (no amulet)
HPRegen  0.08/turn              d - ring of positive energy {rN+}
MPRegen  0.08/turn              (no ring)

@: no status effects
A: no food or potions, fire vulnerability, cold resistance 1, negative energy
resistance 3, torment resistance, unbreathing
a: no special abilities


You were on level 1 of the Dungeon.
You were not hungry.

You visited 1 branch of the dungeon, and saw 1 of its levels.

You collected 38 gold pieces.

Inventory:

Jewellery
 d - a ring of positive energy (left hand) {rN+}
Scrolls
 a - 4 scrolls of magic mapping {unknown}
 b - a scroll of fear {unknown}
 c - a scroll of identify {unknown}
 e - a scroll of remove curse {unknown}
 f - a scroll of enchant weapon {unknown}


   Skills:
 + Level 3.4 Fighting
 + Level 2.8 Dodging
 - Level 1.5 Stealth
 + Level 2.8 Unarmed Combat


You had one spell level left.
You didn't know any spells.
Your spell library was empty.

Dungeon Overview and Level Annotations

Branches:
Dungeon (1/15)

Altars:


Innate Abilities, Weirdness & Mutations

You do not eat or drink.
Your flesh is vulnerable to fire.
You are immune to poison.
Your flesh is cold resistant. (rC+)
You are immune to negative energy. (rN+++)
You are immune to unholy pain and torment.
You can survive without breathing.


Message History

You are too injured to fight recklessly!
You are too injured to fight recklessly!
You are too injured to fight recklessly!
You are too injured to fight recklessly!
You are too injured to fight recklessly!
You are too injured to fight recklessly!
You are too injured to fight recklessly!
You are too injured to fight recklessly!
You are too injured to fight recklessly!
You are too injured to fight recklessly!
You completely miss the kobold.
The kobold is severely wounded.
The kobold misses you.
You miss the kobold.
The kobold is severely wounded.
The kobold misses you.
You closely miss the kobold.
The kobold is severely wounded.
The kobold hits you with a +0 whip!
You die...

##### #####.# ##.#.# #.@K..#
##..... #.###.#######..#...
##### #...#...†......###. ....#
###†##########.#... ###.#
#.#.>#.........## # #.######
#.#..#.####.##... # #......##
#....#.#....>.#.. #
####.#..#########...........#.#
# #.#.........#####.#........#


You could see a kobold.

Vanquished Creatures
  A leopard gecko (D:1)
  2 giant cockroaches (D:1)
  7 goblins (D:1)
  2 hobgoblins (D:1)
  4 bats (D:1)
  4 frilled lizards (D:1)
  2 kobolds (D:1)
  5 rats (D:1)
27 creatures vanquished.

Notes
Turn   | Place    | Note
-------+----------+-------------------------------------------
     0 | D:1      | Redear the Mummy Monk began the quest for the Orb.
     0 | D:1      | Reached XP level 1. HP: 18/18 MP: 1/1
   364 | D:1      | Reached XP level 2. HP: 10/24 MP: 2/2
  1069 | D:1      | Slain by a kobold

Levels and vault maps discovered:
D:1:      minmay_arrival_five_plusses, layout_basic,
          corexii_item_surrounded_by_moat, grunt_decor_cap, minmay_pentomino_t2

Action                   || total
-------------------------++-------
Melee: Unarmed           ||    96
 Stab: Sleeping          ||     2
Dodge: Dodged            ||    56

Table legend:
 A = Non-vault XP
 B = Vault XP
 C = Vault XP percentage of total XP
 D = Non-vault monster count
 E = Vault monster count
 F = Vault count percentage of total count
                 A         B        C        D         E       F
            +---------+---------+-------+---------+---------+-------
      Total |      37 |       2 |   5.1 |      25 |       2 |   7.4
            +---------+---------+-------+---------+---------+-------
        D:1 |      37 |       2 |   5.1 |      25 |       2 |   7.4
            +---------+---------+-------+---------+---------+-------
